 Dungeon Crawl Stone Soup version 0.29-a0-370-gb5314be063 (webtiles) character file.

Game seed: 12939918512953779034

25424 101zpm the Eclecticist (level 13, -2/79 HPs)
             Began as a Djinni Fire Elementalist on May 2, 2022.
             Was an Elder of Makhleb.
             Slain by an elephant (10 damage)
             ... on level 3 of the Lair of Beasts.
             The game lasted 01:23:14 (23264 turns).

101zpm the Eclecticist (Djinni Fire Elementalist)  Turns: 23264, Time: 01:23:15

Health: -2/79      AC:  6    Str: 13    XL:     13   Next: 50%
Gold:   1574       EV: 13    Int: 27    God:    Makhleb [****..] SH:  0 Dex: 15

rFire   + + .      SeeInvis .   B - +2 short sword (vamp)
rCold   x . .      Faith    .   (no shield)
rNeg    + . .      Spirit   .   C - +2 robe {rN+}
rPois   ∞          Reflect  .   (no helmet)
rElec   .          Harm     .   F - +0 cloak
rCorr   .          Rampage  .   M - +0 pair of gloves
Will    +....                   (boots unavailable)
Stlth   ++++......              K - amulet "Ymonaf" {Acrobat Drain +Inv Int+8 Stlth+}
HPRegen 0.23/turn               I - +6 ring of strength
MPRegen 0.00/turn               (no ring)

@: flying
A: sickness immunity, fire resistance 2, cold vulnerability 1, float, innate
caster, HP casting, extra vitality 1, dopey 1
a: Renounce Religion, Evoke Invisibility, Minor Destruction, Lesser Servant of
Makhleb, Major Destruction


You were on level 3 of the Lair of Beasts.
You worshipped Makhleb.
Makhleb was greatly pleased with you.
You visited 4 branches of the dungeon, and saw 18 of its levels.
You also visited: Sewer.

You collected 1574 gold pieces.

Inventory:

Hand Weapons
 n - a +1 mace of protection
 q - a +4 halberd
 B - a +2 vampiric short sword (weapon)
 E - a +4 quarterstaff of chaos
Missiles
 b - 318 stones
 s - a throwing net
Armour
 C - a +2 robe of positive energy (worn)
 F - a +0 cloak (worn)
 M - a +0 pair of gloves (worn)
Jewellery
 D - a ring of ice
 I - a +6 ring of strength (left hand)
 K - the amulet "Ymonaf" (around neck) {Acrobat Drain +Inv Int+8 Stlth+}
   (You found it on level 10 of the Dungeon)

   [amulet of the acrobat]

   It increases your evasion while moving and waiting.
   Int:       It affects your intelligence (+8).
   +Inv:      It lets you turn invisible.
   Drain:     It drains your maximum health when unequipped.
   Stlth:     It makes you more stealthy.
Wands
 p - a wand of digging (11)
 w - a wand of flame (23)
 y - a wand of iceblast (10)
 J - a wand of mindburst (31)
Scrolls
 a - 2 scrolls of blinking
 c - a scroll of torment
 d - 2 scrolls of noise
 l - 4 scrolls of enchant armour
 o - 7 scrolls of teleportation
 r - a scroll of enchant weapon {unknown}
 z - 2 scrolls of magic mapping
 A - 2 scrolls of amnesia
 N - a scroll of fog {unknown}
 O - a scroll of vulnerability {unknown}
Potions
 f - 6 potions of lignification
 g - 4 potions of might {unknown}
 h - a potion of heal wounds {unknown}
 i - 8 potions of curing {unknown}
 j - 2 potions of haste {unknown}
 k - 2 potions of berserk rage
 m - 2 potions of degeneration {unknown}
 t - 3 potions of attraction {unknown}
 u - 2 potions of brilliance {unknown}
 v - 4 potions of mutation {unknown}
 x - 2 potions of magic {unknown}
 G - a potion of flight {unknown}
 H - 2 potions of ambrosia {unknown}
 L - a potion of resistance {unknown}


   Skills:
 + Level 2.2 Fighting
 + Level 0.2 Short Blades
 + Level 4.0 Dodging
 + Level 5.0 Stealth
 + Level 0.2 Unarmed Combat
 + Level 16.1 Spellcasting


You had 13 spell levels left.
You knew the following spells:

 Your Spells              Type           Power      Damage    Failure   Level
a - Foxfire               Conj/Fire      100%       2x1d9     0%          1
b - Scorch                Fire           100%       2d10      0%          2
c - Conjure Flame         Conj/Fire      83%        6-21      0%          3
d - Inner Flame           Hex/Fire       83%        N/A       0%          3
e - Flame Wave            Conj/Fire      83%        2d14      1%          4
f - Beastly Appendage     Tmut           100%       N/A       0%          1
g - Passwall              Tmut/Erth      69%        N/A       0%          2
h - Tukima's Dance        Hex            83%        N/A       0%          3
i - Lesser Beckoning      Tloc           83%        N/A       0%          3
j - Petrify               Tmut/Erth      83%        N/A       1%          4
k - Iskenderun's Battles  Conj           83%        2d13      1%          5
Your spell library was empty.

Dungeon Overview and Level Annotations

Branches:
Dungeon (12/15)            Temple (1/1) D:7            Lair (2/6) D:11
  Swamp (0/4) Lair:3       Spider (0/4) Lair:3          Orc (2/2) D:9
    Elf (0/3) Orc:2         Sewer (visited)

Altars:
Ashenzari
Cheibriados
Dithmenos
Elyvilon
Fedhas
Gozag
Hepliaklqana
Kikubaaqudgha
Makhleb
Nemelex Xobeh
Okawaru
Qazlal
Ru
Sif Muna
Trog
Uskayaw
Vehumet
Wu Jian
Xom
Yredelemnul
Zin
The Shining One
Beogh

Shops:
D:4 :   D:5 *

Annotations:
D:7 exclusion: statue
D:9 2 transporters, exclusion: ice statue, makewrite's ghost, novice MiGl


Innate Abilities, Weirdness & Mutations

You are immune to sickness and miasma.
You are immune to poison.
Your flesh is very heat resistant. (rF++)
You are vulnerable to cold. (rC-)
You float through the air rather than walking.
You learn spells naturally, not from books.
Your magical power is your life essence.
You have superior vitality. (+4 MHP)
You are dopey. (Int -2)


Message History

You are shoved backwards!
Your Dodging skill increases to level 4!
The elephant closely misses you. The elephant completely misses you.
The elephant attacks as you move away! The elephant completely misses you. x2
A cane toad comes into view.
The elephant attacks as you move away!
The elephant tramples you but does no damage.
The elephant misses you. The elephant attacks as you move away!
The elephant misses you.
The elephant trunk-slaps you but does no damage.
The elephant attacks as you move away! The elephant closely misses you. x2
Found a green potion.
The elephant attacks as you move away! The elephant completely misses you.
The elephant closely misses you. The elephant attacks as you move away!
The elephant closely misses you. The elephant trunk-slaps you.
The elephant misses you.
The elephant trunk-slaps you but does no damage.
The elephant attacks as you move away! The elephant completely misses you.
The elephant closely misses you. The elephant attacks as you move away!
The elephant misses you. The elephant barely misses you.
The elephant attacks as you move away! The elephant completely misses you. x2
The elephant attacks as you move away! The elephant barely misses you.
The elephant misses you. The elephant attacks as you move away!
The elephant barely misses you. The elephant completely misses you.
Found a stone staircase leading up.
The elephant attacks as you move away! The elephant tramples you!
* * * LOW HITPOINT WARNING * * *
The elephant completely misses you. The elephant attacks as you move away!
The elephant completely misses you. The elephant misses you.
The elephant attacks as you move away! The elephant misses you.
The elephant trunk-slaps you but does no damage.
The elephant attacks as you move away! The elephant tramples you!
* * * LOW HITPOINT WARNING * * *
The elephant completely misses you.
There is a stone staircase leading up here.
The elephant tramples you!
You die...

,,,,,,,,,,,,,,** *#...........
,,,,,,,,,,,,,** ### ##.#........
,,,,,,,,,,,,,,* ##.####..........
*,,,,,,,,,,,,*###....###.#.......
,,,,,,,,,,,,**#.#....###.P.......
,,,,,,,,,,,** *#......#P.Y.......
,,,,,,,,,,,,* ##......###.FPP....
,,***,******* #........##.#......
,** *** #.@YYYY............ ,*
##....F............ ,*
##.#....#.###..#.# ** #####P####
*##### ###


You could see 4 elephants and a cane toad.

Vanquished Creatures
  A boulder beetle (D:9)
  A hydra (D:11)
  Erica (D:9)
  3 orc high priests (Orc:2)
  4 two-headed ogres
  Pikel (D:4)
  An orc knight (Orc:2)
  4 orc sorcerers
  A manticore (D:11)
  3 black mambas
  2 elephants (Lair:3)
  A cane toad (Lair:1)
  2 komodo dragons
  A yaktaur (D:11)
  A polar bear (Lair:1)
  3 trolls
  3 blink frogs (Lair:1)
  Prince Ribbit (D:7)
  A wraith (D:7)
  17 yaks
  Eustachio (D:5)
  3 wyverns
  3 steam dragons
  2 dancing weapons
  4 wargs
  Menkaure (D:6)
  An acid dragon (D:9)
  5 water moccasins
  3 sky beasts
  16 orc warriors
  2 black bears (D:6)
  4 ogres
  3 ice beasts (D:7)
  3 wolves (Lair:1)
  9 centaurs
  A lemure (D:4)
  A phantom (D:6)
  A gnoll sergeant (D:11)
  6 kobold brigands
  5 bullfrogs
  5 scorpions
  5 wights (D:7)
  13 killer bees
  10 howler monkeys
  12 orc priests
  Crazy Yiuf (D:5)
  3 jellies
  A gnoll shaman (D:7)
  A hound (D:5)
  4 iguanas
  13 orc wizards
  4 gnolls (D:11)
  9 adders
  2 shadow imps
  A white imp (D:7)
  3 ufetubi
  3 worms
  3 dart slugs
  66 orcs
  6 ball pythons
  7 endoplasms
  3 giant cockroaches
  7 hobgoblins
  4 jackals (D:5)
  11 bats
  3 frilled lizards
  13 goblins
  18 kobolds
  5 rats
362 creatures vanquished.

Vanquished Creatures (collateral kills)
  An orc knight (Orc:2)
  An ogre (D:6)
  An orc (D:8)
  20 foxfires
23 creatures vanquished.

Vanquished Creatures (others)
  3 dancing weapons
  1763 foxfires
  4 fungi (Lair:1)
  2 plants (Lair:1)
1772 creatures vanquished.

Grand Total: 2157 creatures vanquished

Notes
Turn   | Place    | Note
-------+----------+-------------------------------------------
     0 | D:1      | 101zpm the Djinni Fire Elementalist began the quest for the
                  | Orb.
     0 | D:1      | Reached XP level 1. HP: 15/15 MP: 0/0
   496 | D:1      | Reached XP level 2. HP: 17/21 MP: 0/0
   931 | D:3      | Reached skill level 3 in Spellcasting
   931 | D:3      | Reached XP level 3. HP: 11/25 MP: 0/0
   931 | D:3      | Learned a level 1 spell: Beastly Appendage
  1198 | D:3      | Reached XP level 4. HP: 17/31 MP: 0/0
  1639 | D:4      | Found a glowing drain.
  1648 | Sewer    | Entered a sewer
  1838 | Sewer    | Noticed a water moccasin
  1842 | Sewer    | Killed a water moccasin
  1843 | Sewer    | Reached skill level 4 in Spellcasting
  1843 | Sewer    | Reached XP level 5. HP: 26/35 MP: 0/0
  1843 | Sewer    | Learned a level 2 spell: Passwall
  2109 | D:5      | Entered Level 5 of the Dungeon
  2115 | D:5      | Reached XP level 6. HP: 31/40 MP: 0/0
  2232 | D:5      | Noticed Eustachio
  2237 | D:5      | Killed Eustachio
  2238 | D:5      | Reached skill level 5 in Spellcasting
  2238 | D:5      | Reached XP level 7. HP: 27/45 MP: 0/0
  2238 | D:5      | Learned a level 3 spell: Tukima's Dance
  2270 | D:5      | Killed a +0 flail
  2809 | D:6      | Noticed a steam dragon
  2819 | D:6      | Killed a steam dragon
  2822 | D:6      | Reached skill level 6 in Spellcasting
  2967 | D:6      | Reached XP level 8. HP: 39/50 MP: 0/0
  2967 | D:6      | Killed a +0 giant club
  3308 | D:6      | Noticed Menkaure
  3309 | D:6      | Killed Menkaure
  3310 | D:6      | Reached skill level 7 in Spellcasting
  3728 | D:7      | Noticed Prince Ribbit
  3729 | D:7      | Reached XP level 9. HP: 41/55 MP: 0/0
  3729 | D:7      | Learned a level 3 spell: Lesser Beckoning
  3733 | D:7      | Reached skill level 8 in Spellcasting
  3734 | D:7      | Killed Prince Ribbit
  4088 | D:7      | Found an opulent altar of Gozag.
  4162 | D:7      | Found a glowing silver altar of Zin.
  4207 | D:7      | Found a staircase to the Ecumenical Temple.
  4214 | D:7      | Reached skill level 9 in Spellcasting
  4225 | Temple   | Entered the Ecumenical Temple
  4586 | Temple   | Became a worshipper of Makhleb the Destroyer
  5005 | D:8      | Reached XP level 10. HP: 51/60 MP: 0/0
  5391 | D:8      | Noticed a two-headed ogre
  5398 | D:8      | Killed a two-headed ogre
  5399 | D:8      | Reached skill level 10 in Spellcasting
  5570 | D:9      | Found a transporter.
  5578 | D:9      | Noticed an ice statue
  5582 | D:9      | Found a transporter.
  5962 | D:9      | Reached * piety under Makhleb
  6115 | D:9      | Found a white marble altar of Elyvilon.
  9234 | D:4      | Found Xirph's Book Shop.
  9477 | D:4      | Noticed Pikel
  9477 | D:4      | Reached ** piety under Makhleb
  9781 | D:4      | Killed Pikel
  9782 | D:4      | Reached skill level 11 in Spellcasting
 10233 | D:5      | Found Rex Jif's Fire Supplies.
 10627 | D:5      | Found a runed translucent door.
 10628 | D:5      | Noticed Crazy Yiuf
 10785 | D:5      | Killed Crazy Yiuf
 11229 | D:6      | Found an iron altar of Okawaru.
 12195 | D:7      | Reached XP level 11. HP: 52/66 MP: 0/0
 12195 | D:7      | Learned a level 4 spell: Petrify
 12736 | D:7      | Reached skill level 12 in Spellcasting
 13329 | D:9      | Noticed a boulder beetle
 13387 | D:9      | Killed a boulder beetle
 14131 | D:9      | Reached *** piety under Makhleb
 14267 | D:9      | Found a staircase to the Orcish Mines.
 14346 | D:9      | Found a sacrificial altar of Ru.
 14372 | D:9      | Noticed Erica
 14376 | D:9      | Noticed a manticore
 14379 | D:9      | Killed Erica
 14403 | D:9      | Noticed a cyclops
 14445 | D:9      | Noticed makewrite's ghost (novice MiGl)
 14909 | Orc:1    | Entered Level 1 of the Orcish Mines
 15211 | Orc:1    | Noticed an orc sorcerer
 15218 | D:9      | Killed an orc sorcerer
 15618 | Orc:2    | Entered Level 2 of the Orcish Mines
 15776 | Orc:2    | Reached skill level 1 in Fighting
 15776 | Orc:2    | Reached skill level 13 in Spellcasting
 16079 | Orc:2    | Noticed an orc high priest
 16085 | Orc:2    | Killed an orc high priest
 16432 | Orc:2    | Noticed an orc knight
 16436 | Orc:2    | Noticed an orc sorcerer
 16453 | Orc:2    | Killed an orc sorcerer
 16454 | Orc:2    | Reached XP level 12. HP: 41/72 MP: 0/0
 16598 | Orc:2    | Reached **** piety under Makhleb
 16836 | Orc:2    | Noticed a soul eater
 16856 | Orc:2    | Reached skill level 14 in Spellcasting
 17211 | Orc:2    | Found a staircase to the Elven Halls.
 17287 | Orc:2    | Noticed an orc high priest
 17287 | Orc:2    | Noticed an orc high priest
 17292 | Orc:2    | Killed an orc high priest
 17295 | Orc:2    | Noticed a sixfirhy
 17295 | Orc:2    | Gained mutation: You are dopey. (Int -2) [a neqoxec]
 17297 | Orc:2    | Killed an orc high priest
 17760 | D:10     | Entered Level 10 of the Dungeon
 17818 | D:10     | Noticed a two-headed ogre
 17825 | D:10     | Killed a two-headed ogre
 18134 | D:10     | Identified the amulet "Ymonaf" {Acrobat Drain +Inv Int+8
                  | Stlth+}
 18193 | D:10     | Found a shadowy altar of Dithmenos.
 18251 | D:10     | Noticed a two-headed ogre
 18256 | D:10     | Killed a two-headed ogre
 18257 | D:10     | Reached skill level 5 in Stealth
 18589 | D:11     | Found a staircase to the Lair.
 19731 | D:11     | Reached skill level 15 in Spellcasting
 19857 | D:11     | Reached XP level 13. HP: 24/78 MP: 0/0
 19857 | D:11     | Learned a level 5 spell: Iskenderun's Battlesphere
 20124 | D:11     | Noticed a four-headed hydra
 20129 | D:11     | Killed a four-headed hydra
 21802 | Lair:1   | Entered Level 1 of the Lair of Beasts
 22680 | Lair:1   | Reached skill level 16 in Spellcasting
 23228 | Lair:2   | Noticed an eight-headed hydra
 23228 | Lair:2   | You are sucked into a shaft and drop 1 floor!
 23264 | Lair:3   | Slain by an elephant

Illustrated notes

Levels and vault maps discovered:
D:1:      evilmike_arrival_crescent, layout_basic, serial_forest,
          infiniplex_forest_clump_curved, infiniplex_forest_clump_small,
          infiniplex_forest_straight_2, infiniplex_forest_clump_curved,
          infiniplex_forest_lined_room_3, infiniplex_forest_end_2,
          infiniplex_forest_clump_tiny
D:2:      layout_loops_cross, minmay_bisected
D:3:      layout_rooms, minivault_19, skrybe_limestone_x,
          kennysheep_generic_room_14
D:4:      layout_basic, portal_sewer_entry_b, serial_shops, nicolae_square_shop,
          uniq_pikel
D:5:      layout_rooms, nicolae_shop_fire_sale [nicolae_sub_dead_trees],
          minmay_misc_feat_secret_circle, uniq_eustachio,
          uniq_crazy_yiuf_cottage
D:6:      layout_cave_pools, kennysheep_okawaru_gauntlet, uniq_menkaure
D:7:      minmay_polygon_palace, layout_loops_ring, vehumet_statue,
          grunt_temple_overflow_gold_and_silver, minmay_temple_entry_ruins,
          enter_bailey_4, st_stairs_1, feat_on_display, uniq_prince_ribbit1
D:8:      layout_loops_corners
D:9:      layout_basic, kennysheep_little_box, nicolae_ru_path_of_blood,
          david_orc_5, nzn_ghost_randoct, uniq_erica
D:10:     layout_big_octagon, mainiacjoe_overflow_catwalk
D:11:     layout_gridville, erik_lair_orcish_takeover
D:12:     layout_roguey, kennysheep_opposing_triangles, uniq_nessos
Temple:   regret_index_temple_generic_petals
Lair:1:   layout_regular_city
Lair:2:   layout_layer_cave, minmay_lair_oklob_bushes, uniq_harold, uniq_amaemon
Lair:3:   layout_cave_pods, nicolae_swamp_entry_splash_gauntlet,
          hellmonk_spider_entry_not_the_bees, nicolae_volcano_entry_lava_flow,
          hangedman_tree_tricks, serial_bayou_crossing
Orc:1:    layout_diamond_mine
Orc:2:    st_orc_elflike, layout_diamond_mine, basic_altar

Skill      XL: |  1  2  3  4  5  6  7  8  9 10 11 12 13 |
---------------+----------------------------------------+-----
Spellcasting   | 3 4 5 6 7 9 11 13 15 16 | 16.1
Stealth        | 2 3 4 5 |  5.0
Dodging        | 3 4 |  4.0
Fighting       | 1 2 |  2.2
Short Blades   | |  0.2
Unarmed Combat | |  0.2

Action                   |  1- 3 |  4- 6 |  7- 9 | 10-12 | 13-15 || total
-------------------------+-------+-------+-------+-------+-------++-------
Melee: Unarmed           |    10 |       |       |       |       ||    10
       Short sword       |       |       |       |     4 |       ||     4
 Cast: Foxfire           |    47 |    52 |    91 |   715 |   108 ||  1013
       Scorch            |     6 |     8 |    13 |    96 |    16 ||   139
       Inner Flame       |       |     5 |    39 |   193 |    28 ||   265
       Tukima's Dance    |       |       |     5 |     2 |       ||     7
       Petrify           |       |       |       |     5 |       ||     5
       Flame Wave        |       |       |       |     3 |     6 ||     9
       Beastly Appendage |       |       |       |     2 |     1 ||     3
       Iskenderun's Batt |       |       |       |       |    14 ||    14
  Use: Scroll            |       |       |     2 |     7 |     4 ||    13
 Stab: Petrified         |       |       |       |     4 |       ||     4
Armor: Robe              |     4 |     5 |     1 |     5 |    11 ||    26
Dodge: Dodged            |     7 |     8 |     9 |    45 |    45 ||   114

Table legend: (Time is in decaauts)
 A = Elapsed time spent in this place.
 B = Non-inter-level travel time spent in this place.
 C = Inter-level travel time spent in this place.
 D = Time resting spent in this place.
 E = Time spent auto-exploring this place.
 F = Levels seen in this place.
 G = Mean time per level.
                   A        B        C        D        E       F      G
               +--------+--------+--------+--------+--------+-----+--------+
         Total |  23291 |  21714 |   1577 |   7072 |  12088 |  19 | 1225.8 |
       Dungeon |  18648 |  17214 |   1434 |   5405 |   9922 |  12 | 1554.0 |
        Temple |    370 |    331 |     39 |      0 |    325 |   1 |  370.0 |
          Lair |   1461 |   1451 |     10 |    315 |    940 |   3 |  487.0 |
  Orcish Mines |   2466 |   2373 |     93 |   1201 |    741 |   2 | 1233.0 |
         Sewer |    344 |    344 |      0 |    151 |    160 |   1 |  344.0 |
               +--------+--------+--------+--------+--------+-----+--------+

Top non-repeatable levels by time:
     D:9: 3218 daAuts
     D:7: 2194 daAuts
    D:11: 1854 daAuts
     D:5: 1580 daAuts
     D:6: 1571 daAuts
     D:3: 1506 daAuts
     D:1: 1495 daAuts
   Orc:2: 1494 daAuts
     D:8: 1442 daAuts
  Lair:1: 1425 daAuts
     D:4: 1392 daAuts
    D:10: 1365 daAuts
     D:2: 1006 daAuts
   Orc:1: 972 daAuts
  Temple: 370 daAuts
